 Dungeon Crawl Stone Soup version 0.30-a0-141-g30f27751c5 (webtiles) character file.

Game seed: 2959436421292737329

795 qw the Chopper (level 7, -5/48 HPs)
             Began as a Gargoyle Fighter on Sept 25, 2022.
             Slain by a two-headed ogre
             ... wielding a +0 giant spiked club
              (24 damage)
             ... on level 5 of the Dungeon.
             The game lasted 00:01:19 (3833 turns).

qw the Chopper (Gargoyle Fighter)                   Turns: 3833, Time: 00:01:20

Health: -5/48      AC: 17    Str: 22    XL:     7   Next: 89%
Magic:  7/7        EV:  7    Int:  8    God:
Gold:   288        SH:  4    Dex:  9    Spells: 6/6 levels left

rFire   . . .      SeeInvis .    Y - +2 war axe
rCold   . . .      Faith    .    c - +0 buckler
rNeg    + . .      Spirit   .    h - +0 chain mail
rPois   inf        Reflect  .    b - +0 helmet
rElec   +          Harm     .    (no cloak)
rCorr   +          Rampage  .    e - +0 pair of gloves
Will    .....      Clarity  +    a - +0 pair of boots "Gypiach" {rCorr Slay+2 Stlth+}
Stlth   ..........               i - amulet of regeneration
HPRegen 0.96/turn                (no ring)
MPRegen 0.10/turn                (no ring)

@: about to teleport
A: sickness immunity, AC +4, negative energy resistance 1, electricity
resistance, torment resistance 1, petrification resistance, clarity, robust 1
a: no special abilities


You were on level 5 of the Dungeon.
You visited 1 branch of the dungeon, and saw 5 of its levels.

You collected 288 gold pieces.


Innate Abilities, Weirdness & Mutations

You are immune to sickness and miasma.
Your stone body is resilient. (AC +4)
You are immune to poison.
You resist negative energy. (rN+)
You are resistant to electric shocks. (rElec)
You are resistant to unholy torment.
You are immune to petrification.
You possess an exceptional clarity of mind.
You are robust. (+10% HP)


   Skills:
 + Level 4.3 Fighting
 - Level 7.0 Axes
 - Level 2.2 Throwing
 - Level 3.2 Armour
 - Level 1.0 Dodging
 - Level 3.2 Shields


You had 6 spell levels left.
You didn't know any spells.
Your spell library was empty.

Inventory:

Hand Weapons
 u - the +11 whip "Peikleotit" {flame, rElec rN+}
   (You found it on level 4 of the Dungeon)

   It burns those it strikes, dealing additional fire damage.
   rElec:     It insulates you from electricity.
   rN:        It protects you from negative energy.
 Y - a +2 war axe (weapon)
Missiles
 f - 2 boomerangs
 q - 4 javelins (quivered)
Armour
 a - the +0 pair of boots "Gypiach" (worn) {rCorr Slay+2 Stlth+}
   (You acquired it on level 4 of the Dungeon)

   Slay:      It affects your accuracy & damage with ranged weapons and melee
   (+2).
   rCorr:     It protects you from acid and corrosion.
   Stlth:     It makes you more stealthy.
 b - a +0 helmet (worn)
 c - a +0 buckler (worn)
 e - a +0 pair of gloves (worn)
 h - a +0 chain mail (worn)
Jewellery
 i - an amulet of regeneration (around neck)
 n - an amulet of guardian spirit
Scrolls
 g - a scroll of identify
 k - 5 scrolls of teleportation
 o - 2 scrolls of immolation {unknown}
Potions
 d - 3 potions of might
 j - a potion of haste
 l - 2 potions of mutation
 m - a potion of heal wounds
 p - a potion of resistance {unknown}
 r - a potion of curing {unknown}
 s - a potion of cancellation {unknown}

Dungeon Overview and Level Annotations

Branches:
Dungeon (5/15)
 Temple: D:4-7

Altars:
Cheibriados
Gozag
Qazlal
Trog
Yredelemnul
The Shining One


Message History

The black bear barely misses you. x2
The black bear claws you but does no damage.
The white imp closely misses you.
You slash the black bear!
You kill the black bear!
You closely miss the white imp.
The white imp hits you but does no damage.
Your Axes skill increases to level 7!
You barely miss the white imp.
The white imp is moderately wounded.
You block the white imp's attack.
You slash the white imp!
You kill the white imp!
You start resting.
HP restored.
s - a metallic sapphire potion
q - 4 javelins (gained 1)
o - 2 scrolls labelled RIOKHL ANEROVI (gained 1)
Found a stone staircase leading down.
Found an escape hatch in the floor.
The two-headed ogre shouts in stereo!
You slash the two-headed ogre!
The two-headed ogre is moderately wounded.
The two-headed ogre hits you with a +0 giant spiked club! x2
You slash the two-headed ogre!
The two-headed ogre is heavily wounded.
You block the two-headed ogre's attack.
The two-headed ogre hits you with a +0 giant spiked club!
3831 ||| READING 6 scrolls of teleportation.
As you read the scroll of teleportation, it crumbles to dust.
You feel strangely unstable.
3832 ||| DRINKING 2 potions of heal wounds.
You feel much better. The two-headed ogre closely misses you.
The two-headed ogre hits you with a +0 giant spiked club!
You hit the two-headed ogre.
The two-headed ogre is severely wounded.
The two-headed ogre hits you with a +0 giant spiked club!!
Ouch! That really hurt!
You die...

## .#
...........
.##
..........
..##
...>......
...#
.....>..#
...##
.......#
....# #....#
....# ##O.#
....# ##.@#
....# ###..##
.#### ##..###
## ##..## ###
###..##
..######...##
##...##..###
##......##
#...<...#


You could see a two-headed ogre.

Vanquished Creatures
  2 ice beasts (D:5)
  A black bear (D:5)
  An ogre (D:5)
  A bullfrog (D:3)
  A jelly (D:2)
  A hound (D:4)
  Natasha (thrice) (D:3)
  Terence (D:3)
  3 iguanas (D:5)
  4 adders
  3 white imps
  An ufetubus (D:5)
  A worm (D:5)
  A dart slug (D:3)
  5 endoplasms
  3 giant cockroaches
  5 goblins
  4 hobgoblins
  3 jackals (D:3)
  7 quokkas
  4 ball pythons
  2 bats
  6 frilled lizards
  A goblin skeleton (D:3)
  A hobgoblin zombie (D:3)
  7 kobolds
  2 kobold skeletons (D:3)
  A kobold zombie (D:3)
  An orc skeleton (D:3)
  An orc zombie (D:3)
  6 rats
  A spectral orc (D:5)
84 creatures vanquished.

Notes
Turn   | Place    | Note
-------+----------+-------------------------------------------
     0 | D:1      | qw the Gargoyle Fighter began the quest for the Orb.
     0 | D:1      | Reached XP level 1. HP: 14/14 MP: 1/1
     0 | D:1      | 0 ||| qw: Version: 0.2-a-10-g399e6c4
     0 | D:1      | 0 ||| qw: Game counter: 197
     0 | D:1      | 0 ||| qw: Always use a shield: true
     0 | D:1      | 0 ||| qw: God list: Okawaru
     0 | D:1      | 0 ||| qw: Allow faded altars: false
     0 | D:1      | 0 ||| qw: Do Orc after D:15 true
     0 | D:1      | 0 ||| qw: Do second Lair branch before Depths: true
     0 | D:1      | 0 ||| qw: Lair rune preference: random
     0 | D:1      | 0 ||| qw: Plans: Normal, Zot:1-4, God:TSO, Crypt, Tomb,
                  | Pan, Slime:5, Hells, Abyss, Orb
     0 | D:1      | 0 ||| PLANNING D:1-11
    25 | D:1      | Found a faded altar of an unknown god.
   104 | D:1      | Reached skill level 2 in Axes
   214 | D:1      | Reached XP level 2. HP: 19/19 MP: 2/2
   237 | D:1      | 237 ||| Stepping ~*~*~tactically~*~*~ (stealth).
   243 | D:1      | 243 ||| Stepping ~*~*~tactically~*~*~ (stealth).
   245 | D:1      | 245 ||| Stepping ~*~*~tactically~*~*~ (stealth).
   340 | D:1      | 340 ||| DROPPING +0 club.
   637 | D:1      | 637 ||| UPGRADING to amulet of regeneration.
   642 | D:1      | 642 ||| READING scroll labelled MIATETT ZAUJEP.
   643 | D:1      | 643 ||| READING scroll labelled QAEHAZX ORAUSA.
   644 | D:1      | 644 ||| READING scroll labelled LIJUIRAN TOSOTZ.
   645 | D:1      | 645 ||| READING 4 scrolls labelled OTYTUG JAFF.
   649 | D:1      | 649 ||| READING scroll labelled XIYCZEFATE.
   908 | D:2      | 908 ||| Stepping ~*~*~tactically~*~*~ (stealth).
   909 | D:2      | 909 ||| Stepping ~*~*~tactically~*~*~ (stealth).
   910 | D:2      | 910 ||| Stepping ~*~*~tactically~*~*~ (stealth).
   923 | D:2      | 923 ||| Stepping ~*~*~tactically~*~*~ (stealth).
   924 | D:2      | 924 ||| Stepping ~*~*~tactically~*~*~ (stealth).
   930 | D:2      | Reached skill level 3 in Axes
   953 | D:2      | Reached XP level 3. HP: 23/23 MP: 3/3
   983 | D:2      | Reached XP level 4. HP: 26/28 MP: 4/4
  1048 | D:2      | Reached skill level 4 in Axes
  1258 | D:2      | 1258 ||| UPGRADING to +0 pair of gloves.
  1263 | D:2      | 1263 ||| READING 2 scrolls labelled TIRIDY SIRCHAGA.
  1264 | D:2      | 1264 ||| DRINKING 2 ruby potions.
  1264 | D:2      | Gained mutation: You are robust. (+10% HP) [potion of
                  | mutation]
  1264 | D:2      | Gained mutation: You possess an exceptional clarity of
                  | mind. [potion of mutation]
  1266 | D:2      | 1266 ||| READING 2 scrolls of identify.
  1266 | D:2      | 1266 ||| IDENTIFYING metallic pink potion
  1267 | D:2      | 1267 ||| DROPPING scroll of fear.
  1326 | D:3      | 1326 ||| Stepping ~*~*~tactically~*~*~ (stealth).
  1327 | D:3      | 1327 ||| Stepping ~*~*~tactically~*~*~ (stealth).
  1398 | D:3      | Noticed a bullfrog
  1402 | D:3      | Killed a bullfrog
  1403 | D:3      | Reached XP level 5. HP: 35/35 MP: 5/5
  1405 | D:3      | 1405 ||| Stepping ~*~*~tactically~*~*~ (stealth).
  1434 | D:3      | Reached skill level 5 in Axes
  1471 | D:3      | Found a stormy altar of Qazlal.
  1485 | D:3      | Noticed Terence
  1492 | D:3      | Killed Terence
  1506 | D:3      | 1506 ||| DROPPING +0 whip.
  1514 | D:3      | Found a glowing golden altar of the Shining One.
  1517 | D:3      | 1517 ||| Stepping ~*~*~tactically~*~*~ (hiding).
  1595 | D:3      | Noticed Natasha
  1601 | D:3      | Killed Natasha
  1602 | D:3      | Reached XP level 6. HP: 41/41 MP: 6/6
  1628 | D:3      | Noticed Natasha
  1629 | D:3      | 1629 ||| Stepping ~*~*~tactically~*~*~ (stealth).
  1898 | D:3      | 1898 ||| Stepping ~*~*~tactically~*~*~ (hiding).
  1907 | D:3      | Killed Natasha
  1908 | D:3      | Reached skill level 1 in Dodging
  1932 | D:3      | Noticed Natasha
  1940 | D:3      | Killed Natasha
  2255 | D:3      | 2255 ||| UPGRADING to +0 chain mail.
  2265 | D:3      | 2265 ||| DROPPING +0 scale mail.
  2266 | D:3      | 2266 ||| READING scroll labelled OCVIME FYFEX.
  2367 | D:3      | 2367 ||| READING scroll labelled OCIACE WOUM.
  2368 | D:3      | 2368 ||| READING scroll labelled GOILEA ACAURPH.
  2369 | D:3      | 2369 ||| DRINKING 2 cyan potions.
  2474 | D:3      | 2474 ||| READING 2 scrolls of identify.
  2474 | D:3      | 2474 ||| IDENTIFYING smoky emerald potion
  2475 | D:3      | 2475 ||| DROPPING potion of berserk rage.
  2476 | D:3      | 2476 ||| DROPPING potion of ambrosia.
  3002 | D:4      | Found a snail-covered altar of Cheibriados.
  3057 | D:4      | Identified the +11 whip "Peikleotit" {flame, rElec rN+}
  3059 | D:4      | 3059 ||| DROPPING +3 flail.
  3115 | D:4      | 3115 ||| UPGRADING to +0 helmet.
  3120 | D:4      | 3120 ||| READING 2 scrolls labelled NASUAX IBBAEMP.
  3121 | D:4      | 3121 ||| READING scroll labelled BIERUU ULUAMN.
  3121 | D:4      | Identified a scroll of acquirement
  3121 | D:4      | 3121 ||| ACQUIRING +0 pair of boots "Gypiach" {rCorr Slay+2
                  | Stlth+}
  3121 | D:4      | Acquired the +0 pair of boots "Gypiach" {rCorr Slay+2
                  | Stlth+}
  3123 | D:4      | 3123 ||| UPGRADING to +0 pair of boots "Gypiach" {rCorr
                  | Slay+2 Stlth+}.
  3128 | D:4      | 3128 ||| DRINKING 3 coppery potions.
  3129 | D:4      | 3129 ||| DRINKING 3 green potions.
  3130 | D:4      | 3130 ||| READING 2 scrolls of identify.
  3130 | D:4      | 3130 ||| IDENTIFYING smoky pink potion
  3131 | D:4      | 3131 ||| DROPPING 2 potions of brilliance.
  3132 | D:4      | 3132 ||| DROPPING potion of flight.
  3133 | D:4      | 3133 ||| DROPPING scroll of poison.
  3138 | D:5      | Entered Level 5 of the Dungeon
  3192 | D:5      | Noticed a two-headed ogre
  3193 | D:5      | 3193 ||| Stepping ~*~*~tactically~*~*~ (stealth).
  3200 | D:5      | HP: 6/41 [two-headed ogre/+0 giant spiked club (21)]
  3201 | D:5      | 3201 ||| READING 7 scrolls of teleportation.
  3202 | D:5      | 3202 ||| DRINKING 3 potions of heal wounds.
  3205 | D:5      | Found a basalt altar of Yredelemnul.
  3240 | D:5      | Noticed an ice beast
  3259 | D:5      | Killed an ice beast
  3260 | D:5      | Reached XP level 7. HP: 39/47 MP: 7/7
  3312 | D:5      | Found an opulent altar of Gozag.
  3312 | D:5      | Found a bloodstained altar of Trog.
  3465 | D:5      | Reached skill level 6 in Axes
  3587 | D:5      | 3587 ||| READING scroll of enchant weapon.
  3587 | D:5      | 3587 ||| ENCHANTING +1 war axe.
  3723 | D:5      | Reached skill level 7 in Axes
  3830 | D:5      | HP: 11/48 [two-headed ogre/+0 giant spiked club (14)]
  3831 | D:5      | 3831 ||| READING 6 scrolls of teleportation.
  3832 | D:5      | 3832 ||| DRINKING 2 potions of heal wounds.
  3833 | D:5      | Slain by a two-headed ogre

Levels and vault maps discovered:
D:1:      dpeg_arrival_shrine, layout_basic, chequers_ecumenical_altar_island
D:2:      layout_basic
D:3:      layout_basic, nicolae_tso_besieged_by_evil,
          mainiacjoe_overflow_cross_hatched, uniq_natasha, uniq_terence
D:4:      layout_cave_pools, lemuel_tele_altar, serial_column_ruins,
          column_ruins_hut, column_ruins_grid_1, column_ruins_open_tiny,
          column_ruins_grid_1, column_ruins_grid_1, column_ruins_open_small,
          column_ruins_open_small, nicolae_elevator_lobby_plus
D:5:      layout_cave_pods, yredelemnul_forgotten_temple_becter,
          nicolae_overflow_two_pavilions, chequers_serial_rivers_micro_c

Skill      XL: |  1  2  3  4  5  6  7 |
---------------+----------------------+-----
Axes           | 2 3 4 5 7 |  7.0
Fighting       | 4 |  4.3
Dodging        | 1 |  1.0
Throwing       | 2 |  2.2
Armour         | |  3.2
Shields        | |  3.2

Action                   |  1- 3 |  4- 6 |  7- 9 || total
-------------------------+-------+-------+-------++-------
Melee: War axe           |    30 |   112 |    32 ||   174
Throw: Boomerang         |    44 |    41 |       ||    85
       Javelin           |       |    14 |    16 ||    30
  Use: Scroll            |     5 |    10 |     2 ||    17
       Potion            |       |     5 |     1 ||     6
Armor: Scale mail        |    16 |    38 |       ||    54
       Chain mail        |       |    14 |    23 ||    37
Dodge: Dodged            |    15 |    44 |     8 ||    67
Block: Buckler           |     5 |    17 |     7 ||    29

Table legend:
 A = Non-vault XP
 B = Vault XP
 C = Vault XP percentage of total XP
 D = Non-vault monster count
 E = Vault monster count
 F = Vault count percentage of total count
                 A         B        C        D         E       F
            +---------+---------+-------+---------+---------+-------
      Total |    1046 |      90 |   7.9 |      73 |      11 |  13.1
            +---------+---------+-------+---------+---------+-------
        D:1 |      23 |       0 |   0.0 |      16 |       0 |   0.0
        D:2 |      77 |       0 |   0.0 |      15 |       0 |   0.0
        D:3 |     219 |      89 |  28.9 |      20 |      10 |  33.3
        D:4 |      67 |       0 |   0.0 |      10 |       0 |   0.0
        D:5 |     660 |       1 |   0.2 |      12 |       1 |   7.7
            +---------+---------+-------+---------+---------+-------
